 Dungeon Crawl Stone Soup version 0.28.0-45-g0d030f2227 (webtiles) character file.

Game seed: 17972385542320976756

46 Eitelfritz the Cudgeller (level 3, -2/31 HPs)
             Began as a Minotaur Gladiator on Apr 6, 2022.
             Slain by Terence
             ... wielding a +2 hand axe of electrocution
              (12 damage)
             ... on level 3 of the Dungeon.
             The game lasted 00:02:21 (1761 turns).

Eitelfritz the Cudgeller (Minotaur Gladiator)       Turns: 1761, Time: 00:02:22

Health: -2/31      AC:  3    Str: 18    XL:     3   Next: 44%
Magic:  2/2        EV: 12    Int:  7    God:
Gold:   38         SH:  0    Dex: 11    Spells: 2/2 levels left

rFire   . . .      SeeInvis .   a - +0 flail
rCold   . . .      Faith    .   (no shield)
rNeg    . . .      Spirit   .   b - +0 leather armour
rPois   .          Reflect  .   c - +0 hat
rElec   .          Harm     .   (no cloak)
rCorr   .          Rampage  .   (no gloves)
Will    .....                   (no boots)
Stlth   +.........              (no amulet)
HPRegen 0.10/turn               (no ring)
MPRegen 0.08/turn               (no ring)

@: no status effects
A: horns 2, retaliatory headbutt
a: no special abilities


You were on level 3 of the Dungeon.
You visited 1 branch of the dungeon, and saw 3 of its levels.

You collected 38 gold pieces.

Inventory:

Hand Weapons
 a - a +0 flail (weapon)
 g - a +0 dire flail
Missiles
 d - 3 throwing nets (quivered)
 f - 4 atropa-tipped darts
Armour
 b - a +0 leather armour (worn)
 c - a +0 hat (worn)
 m - an orb of light
Jewellery
 k - a ring of positive energy
Scrolls
 e - 2 scrolls of amnesia {unknown}
 h - 2 scrolls of identify {unknown}
 i - 2 scrolls of fear {unknown}
 l - a scroll of enchant weapon {unknown}
Potions
 j - 2 potions of brilliance {unknown}
 n - 2 potions of degeneration {unknown}


   Skills:
 + Level 3.0 Fighting
 + Level 4.3 Maces & Flails
 + Level 2.0 Throwing
 + Level 0.8 Armour
 + Level 4.0 Dodging


You had 2 spell levels left.
You didn't know any spells.
Your spell library was empty.

Dungeon Overview and Level Annotations

Branches:
Dungeon (3/15)

Altars:

Annotations:
D:3 Terence


Innate Abilities, Weirdness & Mutations

You have a pair of horns on your head.
You reflexively headbutt those who attack you in melee.


Message History

There is a stone staircase leading up here.
Done exploring.
Done exploring.
There is a stone staircase leading down here.
You climb downwards.
Found 2 fizzy clear potions.
There is a stone staircase leading up here.
n - 2 fizzy clear potions A hobgoblin comes into view.
The hobgoblin barely misses you.
You hit the hobgoblin.
The hobgoblin is lightly wounded.
The hobgoblin closely misses you. You furiously retaliate!
You headbutt the hobgoblin.
You kill the hobgoblin!
Your Dodging skill increases to level 4!
A hobgoblin comes into view.
Found a stone staircase leading down.
You hit the hobgoblin.
You kill the hobgoblin!
Your Fighting skill increases to level 3!
Terence the Incautious comes into view.
He is wielding a +2 hand axe of electrocution.
Terence shouts!
You hear an angry hiss.
You barely miss Terence. Terence closely misses you.
You closely miss Terence. You headbutt Terence.
Terence is lightly wounded.
Terence closely misses you. You furiously retaliate!
You headbutt Terence, but do no damage. You completely miss Terence.
Terence is lightly wounded.
Terence hits you with a +2 hand axe of electrocution.
You hit Terence.
Terence is moderately wounded.
Terence hits you with a +2 hand axe of electrocution!
Terence hits you with a +2 hand axe of electrocution.
You hit Terence.
Terence is moderately wounded.
Terence hits you with a +2 hand axe of electrocution.
You are electrocuted!
You die...

.#########
.........#
.#######.#
.........##
########..# #..#
#<.# . ##@# ...
########@#.....
................
................
................
...............>
.........#......
.........##+###.
.........#


You could see Terence.

Vanquished Creatures
  5 ball pythons
  4 endoplasms (D:2)
  2 giant cockroaches
  4 goblins
  5 hobgoblins
  4 jackals (D:1)
  A quokka (D:1)
  7 bats
  2 frilled lizards (D:1)
  2 kobolds
  7 rats
43 creatures vanquished.

Notes
Turn   | Place    | Note
-------+----------+-------------------------------------------
     0 | D:1      | Eitelfritz the Minotaur Gladiator began the quest for the
                  | Orb.
     0 | D:1      | Reached XP level 1. HP: 18/18 MP: 0/0
   194 | D:1      | Reached XP level 2. HP: 23/25 MP: 1/1
   195 | D:1      | Found a faded altar of an unknown god.
  1029 | D:2      | Reached XP level 3. HP: 24/30 MP: 2/2
  1754 | D:3      | Noticed Terence
  1761 | D:3      | Slain by Terence

Illustrated notes

Levels and vault maps discovered:
D:1:      wander_arrival_fairy_ring, layout_basic, basic_ecumenical_altar
D:2:      layout_loops_ring
D:3:      cheibrodos_greedy_goblins, layout_basic, tgw_xom, uniq_grinder,
          uniq_terence

Skill      XL: |  1  2  3 |
---------------+----------+-----
Maces & Flails | 4 |  4.3
Dodging        | 4 |  4.0
Fighting       | 3 |  3.0
Throwing       | |  2.0
Armour         | |  0.8

Action                   || total
-------------------------++-------
Melee: Flail             ||    84
       Headbutt          ||    10
Armor: Leather armour    ||    30
Dodge: Dodged            ||    64
